 Dungeon Crawl Stone Soup version 0.30.0-29-ga12c61a403 (webtiles) character file.

Game seed: 6640672387089701634

10 hawla the Firebug (level 2, 0/20 HPs)
             Began as a Meteoran Fire Elementalist on June 12, 2023.
             Slain by an ice beast (1 damage)
             ... on level 5 of the Dungeon.
             The game lasted 00:01:19 (214 turns).

hawla the Firebug (Meteoran Fire Elementalist)       Turns: 214, Time: 00:01:19

Health: 0/20       AC:  2    Str:  9    XL:     2   Next: 47%
Magic:  0/6        EV: 12    Int: 16    God:
Gold:   0          SH:  0    Dex: 14    Spells: 3/6 levels left

rFire   . . .        b - +2 mace (heavy)
rCold   . . .        (no shield)
rNeg    . . .        a - +0 robe
rPois   .            (no helmet)
rElec   .            (no cloak)
rCorr   .            (no gloves)
SInv    .            (no boots)
Will    .....        (no amulet)
Stlth   +            (no ring)
HPRegen 0.23/turn    (no ring)
MPRegen 0.10/turn

%: no passive effects
@: glowing
A: sense surroundings 1, otherworldly, glowing, explore regen
a: no special abilities


You were on level 5 of the Dungeon.
You visited 1 branch of the dungeon, and saw 4 of its levels.

Inventory:

Hand Weapons
 b - a +2 heavy mace (weapon)
Armour
 a - a +0 robe (worn)


   Skills:
 + Level 2.5 Dodging
 - Level 1.4 Stealth
 + Level 2.8 Spellcasting
 + Level 1.2 Conjurations
 + Level 4.2 Fire Magic


You had 3 spell levels left.
You knew the following spells:

 Your Spells              Type           Power      Damage    Failure   Level
a - Foxfire               Conj/Fire      44%        2x1d6     6%          1
b - Scorch                Fire           30%        2d6       4%          2

Your spell library contained the following spells:

 Spells                   Type           Power      Damage    Failure   Level
 Inner Flame              Hex/Fire       9%         N/A       24%         3
 Volatile Blastmotes      Fire/Tloc      18%        2d11      24%         3
 Flame Wave               Conj/Fire      11%        2d6       52%         4


Dungeon Overview and Level Annotations

Branches:
Dungeon (5/15) Zot: 2184
 Temple: D:4-7

Altars:


Innate Abilities, Weirdness & Mutations

You passively map a small area around you.
You are easily found by Zot.
You glow in the dark.
You regain HP and MP as you explore.


Message History

Casting: Foxfire (safe; 6% risk of failure)
Confirm with . or Enter, or press ? or * to list all spells.
You conjure some foxfire!
The foxfire hits the ice beast but does no damage. x2
The foxfire hits the ice beast.
The ice beast is lightly wounded.
Casting: Foxfire (safe; 6% risk of failure)
Confirm with . or Enter, or press ? or * to list all spells.
Flames lash the ice beast.
The ice beast melts!
The ice beast is heavily wounded.
The ice beast's fire resistance burns away.
The foxfire hits the ice beast.
The ice beast is heavily wounded.
The foxfire hits the ice beast.
The ice beast melts!
The ice beast is severely wounded.
Casting: Scorch (safe; 4% risk of failure)
Confirm with . or Enter, or press ? or * to list all spells.
You conjure some foxfire!
You hear the slow rusting of a drain.
The foxfire hits the ice beast.
The ice beast is severely wounded.
The foxfire hits the ice beast but does no damage.
The ice beast is severely wounded.
The ice beast is engulfed in a cloud of scalding steam.
Casting: Foxfire (safe; 6% risk of failure)
Confirm with . or Enter, or press ? or * to list all spells.
You don't have enough magic to cast this spell.
You barely miss the ice beast.
The ice beast is severely wounded.
The ice beast hits you. The ice beast freezes you!
Ouch! That really hurt!
* * * LOW HITPOINT WARNING * * *
The ice beast hits you but does no damage.
It was a potion of curing.
You feel better.
The ice beast is no longer more vulnerable to fire.
The ice beast hits you. The ice beast freezes you!
* * * LOW HITPOINT WARNING * * *
Unknown command.
The ice beast attacks as you move away! The ice beast hits you.
You die...

,, , **##...# ** *#.. ~
*#....# ..., ,~ ~ #...#
, ...., ~~ ~~ #...# * ,
,....###### * #...# ,
..#~.≈≈ #...####
##+##§~.~ ,##'#....#
......Y~########..#....#
~
.......@..........#.§..#
,
..................+....#
..................#....#
#####..###...######....#
#..####'####..#####.
#....'........# . ~ ~ ,
, #....#........# , ,
#....#........#
,,###############


You could see an ice beast.

Vanquished Creatures
  A bat (D:3)
  An endoplasm (D:2)
  A hobgoblin (D:3)
  4 jackals (D:1)
  A goblin (D:1)
8 creatures vanquished.

Vanquished Creatures (others)
  34 foxfires
34 creatures vanquished.

Grand Total: 42 creatures vanquished

Notes
Turn   | Place    | Note
-------+----------+-------------------------------------------
     0 | D:1      | hawla the Meteoran Fire Elementalist began the quest for
                  | the Orb.
     0 | D:1      | Reached XP level 1. HP: 14/14 MP: 5/5
   110 | D:1      | Reached skill level 4 in Fire Magic
   110 | D:1      | Reached XP level 2. HP: 17/20 MP: 2/6
   119 | D:2      | Learned a level 2 spell: Scorch
   161 | D:3      | You fall into a shaft and drop 2 floors!
   161 | D:5      | Entered Level 5 of the Dungeon
   205 | D:5      | Noticed an ice beast
   213 | D:5      | HP: 1/20 [ice beast (8)]
   214 | D:5      | Slain by an ice beast

Illustrated notes

Levels and vault maps discovered:
D:1:      nagdon_arrival_zigzag_paths, layout_basic
D:2:      layout_loops_ring, serial_shops, shop_coins,
          nicolae_shop_pleasant_corner_grove, shop, shop,
          nicolae_lakefront_shop, grunt_decor_junction
D:3:      layout_rooms, ebering_ecumenical_altar_webs, serial_shops, shop
D:5:      minmay_polygon_palace, layout_gridville,
          mainiacjoe_overflow_concentric_impassable,
          minmay_temple_entry_poolview, gup_sewer_entry_pipe, uniq_grinder

Skill      XL: |  1 |
---------------+----+-----
Fire Magic     | 4 |  4.2
Dodging        | |  2.5
Stealth        | |  1.4
Spellcasting   | |  2.8
Conjurations   | |  1.2

Action                     || total
---------------------------++-------
  Melee: Mace              ||     3
   Cast: Foxfire           ||    21
         Scorch            ||     1
    Use: Potion            ||     2
 Armour: Robe              ||     6
  Dodge: Dodged            ||    11
